 Dungeon Crawl Stone Soup version 0.30-a0-331-g8ab09dc110 (webtiles) character file.

Game seed: 7107778690479413785

380 freelancePsychic the Chiller (level 6, -2/75 HPs)
             Began as an Armataur Ice Elementalist on Oct 29, 2022.
             Slain by Menkaure (9 damage)
             ... on level 4 of the Dungeon.
             The game lasted 00:07:03 (3234 turns).

freelancePsychic the Chiller (AtIE)                 Turns: 3234, Time: 00:07:03

Health: -2/75      AC: 23    Str: 13    XL:     6   Next: 46%
Magic:  6/9        EV:  1    Int: 18    God:
Gold:   205        SH:  0    Dex: 10    Spells: 5/9 levels left

rFire   . . .      SeeInvis .    a - +0 dagger (venom)
rCold   . . .      Faith    .    (no shield)
rNeg    . . .      Spirit   .    (body armour currently unavailable)
rPois   +          Reflect  .    (helmet currently unavailable)
rElec   .          Harm     .    (cloak currently unavailable)
rCorr   .          Roll     +    (gloves currently unavailable)
Will    .....      NoTele   +    (no barding)
Stlth   ++........               (no amulet)
HPRegen 0.32/turn                (no ring)
MPRegen 0.11/turn                (no ring)

@: tree-form, freezing walls
A: stationary, stasis, torment immunity, boosted hp, large, rugged brown scales
3, (deformed body), (armoured tail), roll, long tongue, awkward tongue
a: no special abilities


You were on level 4 of the Dungeon.
You were a tree.
You visited 1 branch of the dungeon, and saw 4 of its levels.
You also visited: Sewer.

You collected 205 gold pieces.

Inventory:

Hand Weapons
 a - a +0 dagger of venom (weapon)
Missiles
 e - a throwing net
Armour
 g - a +0 pair of gloves (melded)
 j - a +0 robe (melded)
Jewellery
 n - a +6 ring of strength
Scrolls
 c - a scroll of amnesia
 h - 2 scrolls of poison
 i - 2 scrolls of vulnerability
 k - 2 scrolls of noise
 m - 4 scrolls of teleportation {@r4}
 q - a scroll of blinking
 s - a scroll of fear
 u - a scroll of identify {@r1}
Potions
 b - 4 potions of magic
 d - a potion of brilliance
 f - 3 potions of curing {@q1}
 l - 3 potions of flight {unknown}
 o - a potion of might {unknown}
 p - a potion of mutation {unknown}
 r - a potion of heal wounds {unknown}
 v - a potion of ambrosia {unknown}


   Skills:
 + Level 1.5 Fighting
 - Level 0.3 Short Blades
 - Level 1.3 Dodging
 - Level 4.6 Stealth
 + Level 2.1 Spellcasting
 - Level 4.9 Ice Magic
 * Level 2.9 Poison Magic


You had 5 spell levels left.
You knew the following spells:

 Your Spells              Type           Power      Damage    Failure   Level
a - Freeze                Ice            76%        1d8       2%          1
b - Frozen Ramparts       Ice            38%        1d6       7%          3

Your spell library contained the following spells:

 Spells                   Type           Power      Damage    Failure   Level
 Ozocubu's Armour         Ice            19%        N/A       7%          3
 Ensorcelled Hibernation  Hex/Ice        20%        N/A       10%         2
 Apportation              Tloc           2%         N/A       19%         1
 Necrotise                Necr           4%         1d4       19%         1
 Summon Small Mammal      Summ           4%         N/A       19%         1
 Hailstorm                Conj/Ice       10%        3d5       21%         3
 Passwall                 Tmut/Erth      0%         N/A       26%         2
 Swiftness                Air            1%         N/A       47%         3
 Ice Form                 Ice/Tmut       10%        N/A       54%         4
 Summon Ice Beast         Ice/Summ       10%        N/A       54%         4
 Simulacrum               Ice/Necr       5%         N/A       100%        6


Dungeon Overview and Level Annotations

Branches:
Dungeon (4/15)              Sewer (visited)
 Temple: D:4-7

Altars:
The Shining One

Shops:
D:2 ::

Annotations:
D:4 Menkaure


Innate Abilities, Weirdness & Mutations

You are a tree.
Your roots penetrate the ground, keeping you stationary.
You cannot be teleported.
You are immune to unholy pain and torment.
Your maximum health is greatly increased.
Your equipment is partially melded.
(You are completely covered in rugged brown scales. (AC +3, +7% HP))
((Armour fits poorly on your strangely shaped body.))
((You have a long armoured tail.))
You roll when moving toward enemies. (Rampage)
Your long tongue fully drains potion bottles. (2x potion effects)
Your tongue gives you trouble enunciating. (1.5x scroll delay)


Message History

No target in view!
Menkaure, Prince of Dust comes into view.
Menkaure shouts!
You roll towards Menkaure!
You roll towards Menkaure!
Menkaure points at you and mumbles some strange words.
Pain shoots through your body!
You roll towards Menkaure!
You hit Menkaure but do no damage. Menkaure hits you!
You are too injured to fight recklessly!
Casting: Frozen Ramparts (dangerous; 7% risk of failure)
Confirm with . or Enter, or press ? or * to list all spells.
Casting: Frozen Ramparts (dangerous; 7% risk of failure)
Press: ? - help, Dir - look around, f - activate The walls around you are covered in ice.
Menkaure resists.
The wall freezes Menkaure.
Menkaure hits you!
* * * LOW HITPOINT WARNING * * *
You hit Menkaure but do no damage. You tail-slap Menkaure. You punch Menkaure.
Menkaure is lightly damaged.
Menkaure resists.
The wall freezes Menkaure.
Menkaure closely misses you.
You barely miss Menkaure.
Menkaure is lightly damaged.
Really quaff the potion of lignification?
You slurp down every last drop of the potion of lignification!
You turn into a tree.
Your +0 pair of gloves melds into your body.
Your +0 robe melds into your body.
Your roots penetrate the ground.
Menkaure resists.
The wall freezes Menkaure.
Menkaure hits you but does no damage.
You hit Menkaure but do no damage.
Menkaure is moderately damaged.
The wall freezes Menkaure but does no damage.
Menkaure hits you!
* * * LOW HITPOINT WARNING * * *
You hit Menkaure.
Menkaure is moderately damaged.
Menkaure completely resists.
The wall freezes Menkaure but does no damage.
Menkaure hits you!
You die...

#### ### #.. ..#
#.# #.#
##########.####.#
......M♣......#.#
#.##.#####.##.#.#
#.##.#.# #......##
#.......#
#.##.##.##
#.##.#...##
#######.##......##
#.....# #.......#


You could see Menkaure.

Vanquished Creatures
  A water moccasin (Sewer)
  A hound (D:2)
  Natasha (twice) (D:3)
  4 gnolls (D:3)
  3 adders
  2 river rats (D:4)
  2 worms
  3 dart slugs
  8 orcs
  5 bats
  4 endoplasms
  5 giant cockroaches
  6 goblins
  8 hobgoblins
  7 jackals
  5 quokkas
  6 ball pythons
  2 frilled lizards (D:1)
  9 kobolds
  6 rats
89 creatures vanquished.

Vanquished Creatures (others)
  7 plants (D:3)
7 creatures vanquished.

Grand Total: 96 creatures vanquished

Notes
Turn   | Place    | Note
-------+----------+-------------------------------------------
     0 | D:1      | freelancePsychic the Armataur Ice Elementalist began the
                  | quest for the Orb.
     0 | D:1      | Reached XP level 1. HP: 14/14 MP: 3/3
   176 | D:1      | Reached XP level 2. HP: 21/23 MP: 1/4
   551 | D:1      | Reached skill level 1 in Fighting
   885 | D:1      | Reached XP level 3. HP: 29/29 MP: 0/5
   947 | D:1      | Learned a level 3 spell: Frozen Ramparts
  1151 | D:2      | Found Jaseneal's Book Shop.
  1218 | D:2      | Found Jathuh's Book Emporium.
  1255 | D:2      | Reached XP level 4. HP: 27/37 MP: 1/6
  1934 | D:3      | Found a glowing golden altar of the Shining One.
  2092 | D:3      | Reached skill level 1 in Poison Magic
  2092 | D:3      | Reached XP level 5. HP: 16/42 MP: 3/7
  2233 | D:3      | Noticed Natasha
  2240 | D:3      | Killed Natasha
  2391 | D:3      | Noticed Natasha
  2400 | D:3      | Killed Natasha
  2773 | D:4      | Found a glowing drain.
  2821 | Sewer    | Entered a sewer
  2862 | Sewer    | Reached XP level 6. HP: 48/50 MP: 8/8
  2907 | Sewer    | Noticed a water moccasin
  2926 | Sewer    | Killed a water moccasin
  3225 | D:4      | Noticed Menkaure
  3234 | D:4      | Slain by Menkaure

Illustrated notes

Levels and vault maps discovered:
D:1:      minmay_arrival_solitary_statue, layout_loops_ring
D:2:      layout_basic, serial_shops, nicolae_shop_window_shopping,
          nicolae_shop_advertising_works [nicolae_subvault_shop_adworks],
          minmay_between
D:3:      layout_basic, mainiacjoe_overflow_24_doors, st_stairs_7,
          nicolae_grassy_gnolls, uniq_natasha
D:4:      layout_loops_cross, worldfamousw_hep_ancestral_shrine, temple_hall,
          portal_sewer_entry_a, serial_shops, shop, uniq_menkaure

Skill      XL: |  1  2  3  4  5  6 |
---------------+-------------------+-----
Ice Magic      | 4 |  4.9
Fighting       | 1 |  1.5
Stealth        | 3 4 |  4.6
Poison Magic   | 1 2 |  2.9
Spellcasting   | 2 |  2.1
Short Blades   | |  0.3
Dodging        | |  1.3

Action                   |  1- 3 |  4- 6 || total
-------------------------+-------+-------++-------
Melee: Unarmed           |    38 |       ||    38
       Tailslap          |     9 |    16 ||    25
       Dagger            |    26 |   154 ||   180
       Punch             |       |     1 ||     1
 Cast: Freeze            |    34 |     1 ||    35
       Frozen Ramparts   |     3 |     9 ||    12
  Use: Potion            |     1 |     4 ||     5
       Scroll            |       |     9 ||     9
 Stab: Sleeping          |     7 |     4 ||    11
Armor: Robe              |    42 |    49 ||    91
       Skin              |       |    11 ||    11
Dodge: Dodged            |    35 |    71 ||   106

Table legend: (Time is in decaauts)
 A = Elapsed time spent in this place.
 B = Non-inter-level travel time spent in this place.
 C = Inter-level travel time spent in this place.
 D = Time resting spent in this place.
 E = Time spent auto-exploring this place.
 F = Levels seen in this place.
 G = Mean time per level.
                   A        B        C        D        E       F      G
               +--------+--------+--------+--------+--------+-----+--------+
         Total |   3248 |   3176 |     72 |    164 |   2330 |   5 |  649.6 |
       Dungeon |   3029 |   2957 |     72 |    134 |   2196 |   4 |  757.2 |
         Sewer |    219 |    219 |      0 |     30 |    134 |   1 |  219.0 |
               +--------+--------+--------+--------+--------+-----+--------+

Top non-repeatable levels by time:
     D:1: 990 daAuts
     D:3: 852 daAuts
     D:2: 840 daAuts
     D:4: 347 daAuts
   Sewer: 219 daAuts
